 Dungeon Crawl Stone Soup version 0.21.1-1-g345015f (webtiles) character file.

4953 tidbits the Martial Artist (level 10, 60/76 HPs)
             Began as a Gnoll Transmuter on Feb 26, 2018.
             Quit the game on level 6 of the Dungeon.
             The game lasted 00:35:01 (3438 turns).

tidbits the Martial Artist (Gnoll Transmuter)       Turns: 3438, Time: 00:35:02

Health: 60/76      AC: 16    Str: 13    XL:     10   Next: 53%
Magic:  23/23      EV: 15    Int: 21    God:
Gold:   61         SH:  0    Dex: 16    Spells: 4/23 levels left

rFire    + . .     SeeInvis .   a - +7 rapier "Urouxiq" {freeze, +Inv}
rCold    + . .     Gourm    .   (no shield)
rNeg     . . .     Faith    .   B - +5 ring mail of Heresy {Int+5}
rPois    .         Spirit   .   (no helmet)
rElec    .         Reflect  .   C - +1 cloak
rCorr    .         Harm     +   (no gloves)
MR       .....                  F - +0 pair of boots
Stlth    ++........             J - amulet of harm
HPRegen  0.22/turn              U - +2 ring of protection
MPRegen  0.18/turn              N - ring of protection from fire

@: no status effects
A: distributed training, fangs 1, cold resistance 1, dopey 1, high mp 1, strong
nose
a: Evoke Invisibility


You were on level 6 of the Dungeon.
You were very hungry.

You visited 3 branches of the dungeon, and saw 12 of its levels.
You also visited: Sewer.

You collected 481 gold pieces.
You spent 420 gold pieces at shops.

Inventory:

Hand Weapons
 a - the +7 rapier "Urouxiq" (weapon) {freeze, +Inv}
   (You found it on level 10 of the Dungeon)

   It has been specially enchanted to freeze those struck by it, causing extra
   injury to most foes and up to half again as much damage against particularly
   susceptible opponents.
   It can also slow down cold-blooded creatures.
   It lets you turn invisible.
 e - a +1 dagger
 n - a +0 hunting sling
 D - a +0 flail of protection
   (You took it off Edmund on level 5 of the Dungeon)
 H - a +1 dagger of venom
   (You took it off an orc wizard on level 10 of the Dungeon)
 P - a +0 war axe
 W - a +0 blowgun
Missiles
 j - 10 tomahawks
 l - 11 sling bullets
 o - 34 stones (quivered)
 I - 2 throwing nets {!f}
 L - 136 arrows
Armour
 g - a +0 robe
 q - a +2 robe of magic resistance
   (You took it off Pikel on level 6 of the Dungeon)
 z - a +1 robe of fire resistance
   (You took it off an orc wizard on level 7 of the Dungeon)
 B - the +5 ring mail of Heresy (worn) {Int+5}
   (You found it on level 5 of the Dungeon)

   It affects your intelligence (+5).
 C - a +1 cloak (worn)
 F - a +0 pair of boots (worn)
Magical Staves
 A - an uncursed staff of power {!a}
   (You found it on level 9 of the Dungeon)
Jewellery
 t - a +3 ring of strength
   (You took it off an orc on level 4 of the Dungeon)
 J - an amulet of harm (around neck)
   (You found it on level 9 of the Dungeon)
 K - an uncursed ring of resist corrosion
   (You found it on level 5 of the Dungeon)
 N - a ring of protection from fire (right hand)
   (You found it on level 8 of the Dungeon)
 U - a +2 ring of protection (left hand)
   (You found it on level 3 of the Dungeon)
Wands
 v - a wand of enslavement (16)
 y - a wand of acid (7)
 T - a wand of paralysis (14)
Scrolls
 f - 8 scrolls of teleportation
 i - 2 scrolls of identify
 p - a scroll of enchant weapon
 E - a scroll of fog
 G - 4 scrolls of remove curse
 O - a scroll of blinking
 S - a scroll of fear
Potions
 b - 2 potions of magic
 h - 7 potions of might
 k - 2 potions of ambrosia
 m - 3 potions of heal wounds
 r - a potion of agility
 s - 4 potions of flight
 u - 3 potions of haste
 w - a potion of berserk rage
 x - a potion of cancellation
 M - a potion of curing
 V - a potion of brilliance
Books
 d - a book of Changes

   Spells                             Type                      Level
   a - Beastly Appendage              Transmutation                1
   b - Sticks to Snakes               Transmutation                2
   c - Spider Form                    Transmutation/Poison         3
   d - Ice Form                       Ice/Transmutation            4
   e - Blade Hands                    Transmutation                5
 Q - a book of Frost
   (You found it on level 9 of the Dungeon)

   Spells                             Type                      Level
   a - Freeze                         Ice                          1
   b - Throw Frost                    Conjuration/Ice              2
   c - Ozocubu's Armour               Charms/Ice                   3
   d - Throw Icicle                   Conjuration/Ice              4
   e - Summon Ice Beast               Ice/Summoning                4
 R - a book of Necromancy
   (You bought it in a shop on level 9 of the Dungeon)

   Spells                             Type                      Level
   a - Pain                           Necromancy                   1
   b - Animate Skeleton               Necromancy                   1
   c - Vampiric Draining              Necromancy                   3
   d - Regeneration                   Charms/Necromancy            3
   e - Animate Dead                   Necromancy                   4
   f - Borgnjor's Vile Clutch         Necromancy/Earth             5
Comestibles
 c - 20 rations


   Skills:
 + Level 5.9 Fighting
 + Level 5.2 Short Blades
 + Level 5.2 Long Blades
 + Level 5.2 Axes
 + Level 5.2 Maces & Flails
 + Level 5.2 Polearms
 + Level 5.2 Staves
 + Level 5.2 Slings
 + Level 5.2 Bows
 + Level 5.2 Crossbows
 + Level 5.2 Throwing
 + Level 5.2 Armour
 + Level 7.1 Dodging
 + Level 5.2 Stealth
 + Level 5.2 Shields
 + Level 8.5 Unarmed Combat
 + Level 7.3 Spellcasting
 + Level 4.3 Conjurations
 + Level 4.3 Hexes
 + Level 4.3 Charms
 + Level 4.3 Summonings
 + Level 4.3 Necromancy
 + Level 4.3 Translocations
 + Level 5.8 Transmutations
 + Level 4.3 Fire Magic
 + Level 4.3 Ice Magic
 + Level 4.3 Air Magic
 + Level 4.3 Earth Magic
 + Level 4.3 Poison Magic
 + Level 5.8 Invocations
 + Level 5.2 Evocations


You had 4 spell levels left.
You knew the following spells:

 Your Spells              Type           Power        Failure   Level  Hunger
e - Beastly Appendage     Tmut           ####..       1%          1    None
h - Blade Hands           Tmut           ####......   38%         5    #####..
i - Ice Form              Ice/Tmut       ####....     21%         4    ###....
k - Sticks to Snakes      Tmut           ####....     2%          2    None
n - Animate Skeleton      Necr           N/A          2%          1    None
p - Spider Form           Tmut/Pois      ####......   6%          3    None
r - Regeneration          Chrm/Necr      ####......   9%          3    None


Dungeon Overview and Level Annotations

Branches:
Dungeon (10/15)            Temple (1/1) D:4            Lair (0/6) D:8
    Orc (1/2) D:9

Altars:
Ashenzari
Dithmenos
Elyvilon
Fedhas
Gozag
Hepliaklqana
Makhleb
Nemelex Xobeh
Okawaru
Qazlal
Ru
Sif Muna
Vehumet
Wu Jian
Xom
Yredelemnul
Zin
The Shining One
Beogh

Shops:
D:5 }   D:8 =   D:9 :


Innate Abilities, Weirdness & Mutations

Your experience applies equally to all skills.
You have very sharp teeth.
Your uncanny sense of smell can sniff out nearby items.
Your flesh is cold resistant. (rC+)
You are dopey. (Int -2)
You have an increased reservoir of magic. (+10% MP)


Message History

The crocodile completely misses you.
You hit the crocodile but do no damage.
The crocodile looks as sick as possible!
The crocodile is severely wounded.
Your transformation is almost over.
The crocodile completely misses you.
You hit the crocodile.
The crocodile looks as sick as possible!
The crocodile is almost dead.
You kill the crocodile!
You see here 8 arrows.
L - 140 arrows (gained 8)
Your transformation has ended.
The +7 rapier "Urouxiq" {freeze, +Inv} unmelds from your body.
Your +1 cloak unmelds from your body.
Your +0 pair of boots unmelds from your body.
The +5 ring mail of Heresy {Int+5} unmelds from your body.
The +7 rapier "Urouxiq" {freeze, +Inv} glows with a cold blue light!
You see here a staff of power {!a}.
You see here a blowgun.
W - a blowgun The basilisk hisses angrily.
Unknown command.
Casting: Spider Form
Confirm with . or Enter, or press ? or * to list all spells.
You create a snake!
You now have 139 arrows.
Casting: Sticks to Snakes
Confirm with . or Enter, or press ? or * to list all spells.
You create a snake!
You now have 138 arrows.
Casting: Sticks to Snakes
Confirm with . or Enter, or press ? or * to list all spells.
You create 2 snakes!
You now have 136 arrows.
Casting: Sticks to Snakes
Confirm with . or Enter, or press ? or * to list all spells.
You turn into a venomous arachnid creature.
The +7 rapier "Urouxiq" {freeze, +Inv} melds into your body.
Your +1 cloak melds into your body.
Your +0 pair of boots melds into your body.
The +5 ring mail of Heresy {Int+5} melds into your body.
The +7 rapier "Urouxiq" {freeze, +Inv} stops glowing.
Your adder barely misses the basilisk.
Your ball python closely misses the basilisk.
Your ball python grabs the basilisk.
Your ball python constricts the basilisk.
You bite the basilisk!
The basilisk is heavily wounded.
The basilisk bites you!!
Your adder bites the basilisk.
The basilisk is poisoned.
Your adder poisons the basilisk!
Your ball python bites the basilisk but does no damage.
Your ball python constricts the basilisk.
Your ball python bites the basilisk but does no damage.
Your adder bites the basilisk.
The basilisk looks even sicker.
Your adder poisons the basilisk!
You catch the helpless basilisk completely off-guard!
You hit the basilisk but do no damage.
The basilisk looks as sick as possible!
The basilisk is severely wounded.
The basilisk closely misses you.
Your adder bites the basilisk.
Your ball python bites the basilisk but does no damage.
Your adder bites the basilisk.
Your ball python bites the basilisk.
Your ball python constricts the basilisk.
You hit the basilisk.
The basilisk looks as sick as possible!
The basilisk is almost dead.
Your adder bites the basilisk but does no damage.
The basilisk barely misses you.
Your ball python bites the basilisk.
Your adder bites the basilisk.
The basilisk dies!
Your adder looks stronger.
You swap places.
You are feeling very hungry.
You open the door.
Found Gozea's Jewellery Boutique.
There is an open door here.
There is an entrance to Gozea's Jewellery Boutique here.
You can access your shopping list by pressing '$'.
You swap places.
There is an open door here.
You swap places.
Your transformation is almost over.
Your ball python withers and dies!
Your transformation has ended.
The +7 rapier "Urouxiq" {freeze, +Inv} unmelds from your body.
Your +1 cloak unmelds from your body.
Your +0 pair of boots unmelds from your body.
The +5 ring mail of Heresy {Int+5} unmelds from your body.
The +7 rapier "Urouxiq" {freeze, +Inv} glows with a cold blue light!
Your ball python withers and dies!
Found an escape hatch in the ceiling.
Found a potion of degeneration.
There is an escape hatch in the ceiling here.
A mysterious force pulls you upwards. The hatch slams shut behind you.
Your summoned allies are left behind.
Unknown command.
A shadow imp comes into view.
The helpless shadow imp fails to defend itself.
You spit the shadow imp like a pig!!!
You kill the shadow imp!
There is an escape hatch in the ceiling here.
A mysterious force pulls you upwards. The hatch slams shut behind you.
Unknown command.
Are you sure you want to abandon this character and quit the game? (Confirm with "yes".)

###......>..#.###......##
##...........#.###.....#
##.<...........####....#
#...............# ...##
#...............# ####
##..............##
##....>......##.#
#..........###.#
###.).....## #@##
###...### ##.# ## #####
#.## ####.. #..# #.....
##.# #### #..... ##
#.###..## ..... ###.#
###.......####.... #
##...# #.................
# ##....#
#.................


There were no monsters in sight!

Vanquished Creatures
  A two-headed ogre (D:9)
  Pikel (D:6)
  A basilisk (D:8)
  The ghost of tidbits the Insei, an amateur GnTm (D:4)
  A porcupine (D:9)
  2 black bears (D:8)
  2 ice beasts
  2 sky beasts
  4 orc warriors
  A necrophage (D:10)
  2 wolves (D:8)
  2 ogres
  A crocodile (D:8)
  3 centaurs
  A bullfrog (D:6)
  A big kobold (D:9)
  3 scorpions
  A centaur zombie (D:7)
  A crimson imp (D:8)
  6 hounds
  A quasit (D:9)
  2 orc priests (D:9)
  A bullfrog skeleton (D:6)
  A jelly (D:8)
  4 orc wizards
  2 iguanas (D:8)
  4 worker ants
  A killer bee zombie (D:5)
  A worker ant zombie (D:6)
  7 adders
  4 gnolls (D:4)
  2 shadow imps
  An ooze (Sewer)
  An adder zombie (D:8)
  2 worms
  6 leopard geckos
  33 orcs
  4 giant cockroaches
  3 goblins (D:3)
  4 hobgoblins
  4 jackals (Sewer)
  3 kobolds
  A quokka (D:3)
  A ball python (Sewer)
  12 bats
  3 frilled lizards
  A quokka skeleton (D:5)
  A rat (D:2)
147 creatures vanquished.

Vanquished Creatures (collateral kills)
  A hippogriff (D:9)
  A basilisk (D:8)
  Edmund (D:5)
  An orc warrior (D:9)
  2 phantoms (D:4)
  A black bear (D:8)
  A centaur (D:8)
  An orc wizard (D:9)
  An iguana (D:7)
  2 adders
  A shadow imp (D:7)
  An adder zombie (D:7)
  A leopard gecko (D:7)
  4 orcs
  A kobold (D:2)
20 creatures vanquished.

Vanquished Creatures (others)
  A slave (D:6)
  An orc (D:9)
  2 fungi (D:8)
  2 plants (D:8)
6 creatures vanquished.

Grand Total: 173 creatures vanquished

Notes
Turn   | Place    | Note
-------+----------+-------------------------------------------
     0 | D:1      | tidbits the Gnoll Transmuter began the quest for the Orb.
     0 | D:1      | Reached XP level 1. HP: 17/17 MP: 6/6
    84 | D:2      | Found a shattered altar of Ashenzari.
    88 | D:2      | Reached XP level 2. HP: 8/23 MP: 5/7
    93 | D:2      | Learned a level 2 spell: Sticks to Snakes
   148 | D:2      | Found a sparkling altar of Nemelex Xobeh.
   387 | D:3      | Reached XP level 3. HP: 28/28 MP: 7/9
   392 | D:3      | Learned a level 3 spell: Spider Form
   419 | D:3      | Reached skill level 5 in Spellcasting
   478 | D:3      | Reached skill level 1 in Invocations
   544 | D:3      | Found a glowing drain.
   571 | D:3      | Reached skill level 1 in Short Blades
   571 | D:3      | Reached skill level 1 in Long Blades
   571 | D:3      | Reached skill level 1 in Axes
   571 | D:3      | Reached skill level 1 in Maces & Flails
   571 | D:3      | Reached skill level 1 in Polearms
   571 | D:3      | Reached skill level 1 in Staves
   571 | D:3      | Reached skill level 1 in Slings
   571 | D:3      | Reached skill level 1 in Bows
   571 | D:3      | Reached skill level 1 in Crossbows
   571 | D:3      | Reached skill level 1 in Throwing
   571 | D:3      | Reached skill level 1 in Armour
   571 | D:3      | Reached skill level 1 in Stealth
   571 | D:3      | Reached skill level 1 in Shields
   571 | D:3      | Reached skill level 1 in Evocations
   576 | D:3      | Reached XP level 4. HP: 23/34 MP: 1/11
   598 | Sewer    | Entered a sewer
   952 | D:4      | Noticed a phantom
   956 | D:4      | Reached skill level 1 in Conjurations
   956 | D:4      | Reached skill level 1 in Hexes
   956 | D:4      | Reached skill level 1 in Charms
   956 | D:4      | Reached skill level 1 in Summonings
   956 | D:4      | Reached skill level 1 in Necromancy
   956 | D:4      | Reached skill level 1 in Translocations
   956 | D:4      | Reached skill level 1 in Fire Magic
   956 | D:4      | Reached skill level 1 in Ice Magic
   956 | D:4      | Reached skill level 1 in Air Magic
   956 | D:4      | Reached skill level 1 in Earth Magic
   956 | D:4      | Reached skill level 1 in Poison Magic
   956 | D:4      | Reached XP level 5. HP: 40/40 MP: 8/12
   959 | D:4      | Noticed a phantom
   972 | D:4      | Killed a phantom
   972 | D:4      | Reached skill level 3 in Fighting
   972 | D:4      | Reached skill level 4 in Transmutations
   976 | D:4      | Killed a phantom
   976 | D:4      | Reached skill level 2 in Invocations
   976 | D:4      | Reached XP level 6. HP: 23/47 MP: 7/13
   987 | D:4      | Noticed tidbits's ghost (amateur GnTm)
  1002 | D:4      | Killed tidbits's ghost
  1002 | D:4      | Reached skill level 2 in Short Blades
  1002 | D:4      | Reached skill level 2 in Long Blades
  1002 | D:4      | Reached skill level 2 in Axes
  1002 | D:4      | Reached skill level 2 in Maces & Flails
  1002 | D:4      | Reached skill level 2 in Polearms
  1002 | D:4      | Reached skill level 2 in Staves
  1002 | D:4      | Reached skill level 2 in Slings
  1002 | D:4      | Reached skill level 2 in Bows
  1002 | D:4      | Reached skill level 2 in Crossbows
  1002 | D:4      | Reached skill level 2 in Throwing
  1002 | D:4      | Reached skill level 2 in Armour
  1002 | D:4      | Reached skill level 5 in Dodging
  1002 | D:4      | Reached skill level 2 in Stealth
  1002 | D:4      | Reached skill level 2 in Shields
  1002 | D:4      | Reached skill level 2 in Evocations
  1082 | D:4      | Reached XP level 7. HP: 39/52 MP: 8/15
  1085 | D:4      | Found a staircase to the Ecumenical Temple.
  1111 | D:4      | Reached skill level 7 in Unarmed Combat
  1129 | Temple   | Entered the Ecumenical Temple
  1338 | D:5      | Entered Level 5 of the Dungeon
  1365 | D:5      | Got a brightly glowing ring mail
  1381 | D:5      | Identified the +5 ring mail of Heresy {Int+5} (You found it on level 5 of the Dungeon)
  1472 | D:6      | Reached skill level 2 in Conjurations
  1472 | D:6      | Reached skill level 2 in Hexes
  1472 | D:6      | Reached skill level 2 in Charms
  1472 | D:6      | Reached skill level 2 in Summonings
  1472 | D:6      | Reached skill level 2 in Necromancy
  1472 | D:6      | Reached skill level 2 in Translocations
  1472 | D:6      | Reached skill level 2 in Fire Magic
  1472 | D:6      | Reached skill level 2 in Ice Magic
  1472 | D:6      | Reached skill level 2 in Air Magic
  1472 | D:6      | Reached skill level 2 in Earth Magic
  1472 | D:6      | Reached skill level 2 in Poison Magic
  1493 | D:6      | Noticed Pikel
  1522 | D:6      | Killed Pikel
  1522 | D:6      | Reached skill level 4 in Fighting
  1522 | D:6      | Reached skill level 3 in Short Blades
  1522 | D:6      | Reached skill level 3 in Long Blades
  1522 | D:6      | Reached skill level 3 in Axes
  1522 | D:6      | Reached skill level 3 in Maces & Flails
  1522 | D:6      | Reached skill level 3 in Polearms
  1522 | D:6      | Reached skill level 3 in Staves
  1522 | D:6      | Reached skill level 3 in Slings
  1522 | D:6      | Reached skill level 3 in Bows
  1522 | D:6      | Reached skill level 3 in Crossbows
  1522 | D:6      | Reached skill level 3 in Throwing
  1522 | D:6      | Reached skill level 3 in Armour
  1522 | D:6      | Reached skill level 3 in Stealth
  1522 | D:6      | Reached skill level 3 in Shields
  1522 | D:6      | Reached skill level 3 in Invocations
  1522 | D:6      | Reached skill level 3 in Evocations
  1522 | D:6      | Reached XP level 8. HP: 26/60 MP: 4/16
  1601 | D:7      | Reached skill level 6 in Spellcasting
  1865 | D:5      | Found Witarphyn's Gadget Emporium.
  1874 | D:5      | Reached skill level 3 in Conjurations
  1874 | D:5      | Reached skill level 3 in Hexes
  1874 | D:5      | Reached skill level 3 in Charms
  1874 | D:5      | Reached skill level 3 in Summonings
  1874 | D:5      | Reached skill level 3 in Necromancy
  1874 | D:5      | Reached skill level 3 in Translocations
  1874 | D:5      | Reached skill level 3 in Fire Magic
  1874 | D:5      | Reached skill level 3 in Ice Magic
  1874 | D:5      | Reached skill level 3 in Air Magic
  1874 | D:5      | Reached skill level 3 in Earth Magic
  1874 | D:5      | Reached skill level 3 in Poison Magic
  1874 | D:5      | Reached skill level 4 in Invocations
  1913 | D:5      | Noticed Edmund
  1921 | D:5      | Killed Edmund
  1921 | D:5      | Reached skill level 6 in Dodging
  1921 | D:5      | Reached XP level 9. HP: 11/66 MP: 11/18
  2008 | D:4      | Reached skill level 5 in Transmutations
  2018 | D:4      | Found a sacrificial altar of Ru.
  2074 | D:5      | Found a blossoming altar of Fedhas.
  2078 | D:5      | Found a stormy altar of Qazlal.
  2265 | D:8      | Found a staircase to the Lair.
  2278 | D:9      | Reached skill level 4 in Short Blades
  2278 | D:9      | Reached skill level 4 in Long Blades
  2278 | D:9      | Reached skill level 4 in Axes
  2278 | D:9      | Reached skill level 4 in Maces & Flails
  2278 | D:9      | Reached skill level 4 in Polearms
  2278 | D:9      | Reached skill level 4 in Staves
  2278 | D:9      | Reached skill level 4 in Slings
  2278 | D:9      | Reached skill level 4 in Bows
  2278 | D:9      | Reached skill level 4 in Crossbows
  2278 | D:9      | Reached skill level 4 in Throwing
  2278 | D:9      | Reached skill level 4 in Armour
  2278 | D:9      | Reached skill level 4 in Stealth
  2278 | D:9      | Reached skill level 4 in Shields
  2278 | D:9      | Reached skill level 4 in Evocations
  2346 | D:9      | Gained mutation: You have an increased reservoir of magic. (+10% MP) [potion of mutation]
  2346 | D:9      | Gained mutation: You are dopey. (Int -2) [potion of mutation]
  2346 | D:9      | Gained mutation: Your flesh is cold resistant. (rC+) [potion of mutation]
  2365 | D:10     | Entered Level 10 of the Dungeon
  2433 | D:9      | Noticed a two-headed ogre
  2446 | D:9      | Killed a two-headed ogre
  2446 | D:9      | Reached skill level 5 in Fighting
  2446 | D:9      | Reached skill level 8 in Unarmed Combat
  2452 | D:9      | Reached skill level 5 in Invocations
  2548 | D:10     | Reached XP level 10. HP: 9/73 MP: 22/22
  2552 | D:10     | Got an iridescent rapier
  2553 | D:10     | Identified the +7 rapier "Urouxiq" {freeze, +Inv} (You found it on level 10 of the Dungeon)
  2603 | D:9      | Found a stormy altar of Qazlal.
  2633 | D:9      | Reached skill level 7 in Spellcasting
  2639 | D:9      | Reached skill level 4 in Conjurations
  2639 | D:9      | Reached skill level 4 in Hexes
  2639 | D:9      | Reached skill level 4 in Charms
  2639 | D:9      | Reached skill level 4 in Summonings
  2639 | D:9      | Reached skill level 4 in Necromancy
  2639 | D:9      | Reached skill level 4 in Translocations
  2639 | D:9      | Reached skill level 4 in Fire Magic
  2639 | D:9      | Reached skill level 4 in Ice Magic
  2639 | D:9      | Reached skill level 4 in Air Magic
  2639 | D:9      | Reached skill level 4 in Earth Magic
  2639 | D:9      | Reached skill level 4 in Poison Magic
  2764 | D:9      | Found Ugaptinu's Book Boutique.
  2814 | D:9      | Learned a level 4 spell: Ice Form
  2879 | D:9      | Reached skill level 5 in Short Blades
  2879 | D:9      | Reached skill level 5 in Long Blades
  2879 | D:9      | Reached skill level 5 in Axes
  2879 | D:9      | Reached skill level 5 in Maces & Flails
  2879 | D:9      | Reached skill level 5 in Polearms
  2879 | D:9      | Reached skill level 5 in Staves
  2879 | D:9      | Reached skill level 5 in Slings
  2879 | D:9      | Reached skill level 5 in Bows
  2879 | D:9      | Reached skill level 5 in Crossbows
  2879 | D:9      | Reached skill level 5 in Throwing
  2879 | D:9      | Reached skill level 5 in Armour
  2879 | D:9      | Reached skill level 5 in Stealth
  2879 | D:9      | Reached skill level 5 in Shields
  2879 | D:9      | Reached skill level 5 in Evocations
  2881 | D:9      | Found a roughly hewn altar of Beogh.
  2896 | D:9      | Found a staircase to the Orcish Mines.
  2937 | D:9      | Learned a level 5 spell: Blade Hands
  2967 | Orc:1    | Entered Level 1 of the Orcish Mines
  3064 | D:9      | Bought a book of Necromancy for 420 gold pieces
  3068 | D:9      | Learned a level 3 spell: Regeneration
  3071 | D:9      | Learned a level 1 spell: Animate Skeleton
  3301 | D:8      | Reached skill level 7 in Dodging
  3332 | D:8      | Paralysed by a crimson imp for 3 turns
  3392 | D:8      | Found Gozea's Jewellery Boutique.
  3438 | D:6      | Quit the game

Skill      XL: |  1  2  3  4  5  6  7  8  9 10 |
---------------+-------------------------------+-----
Spellcasting   | 5 6 7 |  7.3
Invocations    | 1 2 3 4 5 |  5.8
Short Blades   | 1 2 3 4 5 |  5.2
Long Blades    | 1 2 3 4 5 |  5.2
Axes           | 1 2 3 4 5 |  5.2
Maces & Flails | 1 2 3 4 5 |  5.2
Polearms       | 1 2 3 4 5 |  5.2
Staves         | 1 2 3 4 5 |  5.2
Slings         | 1 2 3 4 5 |  5.2
Bows           | 1 2 3 4 5 |  5.2
Crossbows      | 1 2 3 4 5 |  5.2
Throwing       | 1 2 3 4 5 |  5.2
Armour         | 1 2 3 4 5 |  5.2
Stealth        | 1 2 3 4 5 |  5.2
Shields        | 1 2 3 4 5 |  5.2
Evocations     | 1 2 3 4 5 |  5.2
Conjurations   | 1 2 3 4 |  4.3
Hexes          | 1 2 3 4 |  4.3
Charms         | 1 2 3 4 |  4.3
Summonings     | 1 2 3 4 |  4.3
Necromancy     | 1 2 3 4 |  4.3
Translocations | 1 2 3 4 |  4.3
Fire Magic     | 1 2 3 4 |  4.3
Ice Magic      | 1 2 3 4 |  4.3
Air Magic      | 1 2 3 4 |  4.3
Earth Magic    | 1 2 3 4 |  4.3
Poison Magic   | 1 2 3 4 |  4.3
Fighting       | 3 4 5 |  5.9
Transmutations | 4 5 |  5.8
Dodging        | 5 6 7 |  7.1
Unarmed Combat | 7 8 |  8.5

Action                   |  1- 3 |  4- 6 |  7- 9 | 10-12 || total
-------------------------+-------+-------+-------+-------++-------
Melee: Unarmed           |    60 |    75 |   242 |    29 ||   406
       Headbutt          |     6 |       |    15 |     9 ||    30
       Bite              |     2 |     2 |    22 |     8 ||    34
       Kick              |     1 |       |    28 |       ||    29
       Punch             |       |     2 |     6 |     4 ||    12
       Rapier            |       |       |       |    79 ||    79
Throw: Stone             |       |       |     1 |       ||     1
 Cast: Beastly Appendage |    11 |     3 |    18 |     5 ||    37
       Sticks to Snakes  |     4 |     4 |    22 |    13 ||    43
       Spider Form       |     2 |     7 |    10 |     5 ||    24
       Regeneration      |       |       |       |     2 ||     2
 Abil: Evoke Invisibilit |       |       |       |     1 ||     1
Evoke: Wand              |       |       |     3 |       ||     3
  Use: Potion            |       |     7 |     1 |     1 ||     9
       Scroll            |       |     1 |    15 |     3 ||    19
 Stab: Sleeping          |     1 |     2 |     4 |     2 ||     9
       Distracted        |       |       |     2 |     3 ||     5
       Invisible         |       |       |       |     4 ||     4
  Eat: Chunk             |       |     2 |     5 |     3 ||    10
Armor: Robe              |     6 |    10 |       |       ||    16
       Skin              |     1 |     3 |     3 |     3 ||    10
       Ring mail         |       |       |    62 |    44 ||   106
Dodge: Dodged            |    38 |    88 |   205 |    78 ||   409

Table legend:
 A = Turns spent in this place as a percentage of turns spent in the entire game.
 B = Non-inter-level travel turns spent in this place as a percentage of non-inter-level travel turns spent in the entire game.
 C = Inter-level travel turns spent in this place as a percentage of turns spent in this place.
 D = Turns resting spent in this place as a percentage of non-inter-level travel turns spent in this place.
 E = Turns spent auto-exploring this place as a percentage of non-inter-level travel turns spent in this place.
 F = Non-inter-level travel turns spent in this place divided by the number of levels of this place that you've seen.
                   A       B       C       D       E      F
               +-------+-------+-------+-------+-------+----------------------
         Total | 100.0 | 100.0 |   0.5 |   0.0 |   0.0 | 263.1
       Dungeon |  84.6 |  85.1 |   0.0 |   0.0 |   0.0 | 290.9
        Temple |   5.2 |   4.7 |  10.1 |   0.0 |   0.0 | 160.0
  Orcish Mines |   1.8 |   1.8 |   0.0 |   0.0 |   0.0 |  63.0
         Sewer |   8.4 |   8.4 |   0.0 |   0.0 |   0.0 | 288.0
               +-------+-------+-------+-------+-------+----------------------

Table legend:
 A = Kills in this place as a percentage of kills in entire the game.
 B = Kills by you in this place as a percentage of kills by you in the entire game.
 C = Kills by friends in this place as a percentage of kills by friends in the entire game.
 D = Other kills in this place as a percentage of other kills in the entire game.
 E = Experience gained in this place as a percentage of experience gained in the entire game.
 F = Experience gained in this place divided by the number of levels of this place that you have seen.
                   A       B       C       D       E      F
               +-------+-------+-------+-------+-------+----------------------
         Total | 100.0 | 100.0 | 100.0 |   N/A | 100.0 | 544.3
       Dungeon |  89.8 |  88.4 | 100.0 |   N/A |  99.5 | 703.8
         Sewer |  10.2 |  11.6 |   0.0 |   N/A |   0.5 |  38.0
               +-------+-------+-------+-------+-------+----------------------

Vault maps used:
D:1:      minmay_arrival_plants_in_alcoves, patterned_corridor
D:2:      lemuel_crystal_altar, chequers_ecumenical_altar_twisty,
          evilmike_ruin_ashenzari
D:3:      gup_sewer_entry_glass
D:4:      minmay_temple_entry_statues_fountains, serial_park_tiny_2,
          nicolae_ru_path_of_blood
D:5:      grunt_temple_overflow_forces_of_nature, serial_shops, shop,
          first_ration, uniq_edmund
D:6:      uniq_pikel
D:8:      minitemple, minmay_lair_entry_grove, serial_shops, kennysheep_mini
D:9:      david_orc_5, serial_shops, shop, blue_anna_alchemist,
          nicolae_qazlal_eye_of_the_storm
Temple:   minmay_temple_curvy_branch
Orc:1:    uniq_erolcha
Sewer:    sewer_fruit_machine
